 Dungeon Crawl Stone Soup version 0.30-a0-591-g3c58d2bc28 (webtiles) character file.

Game seed: 13928268363421210692

736 Dartaoz the Trooper (level 7, -1/55 HPs)
             Began as a Demonspawn Fighter on Jan 5, 2023.
             Killed by divine providence
             ... invoked by an orc priest
              (9 damage)
             ... on level 5 of the Dungeon.
             The game lasted 00:10:40 (3686 turns).

Dartaoz the Trooper (Demonspawn Fighter)            Turns: 3686, Time: 00:10:41

Health: -1/55      AC: 10    Str: 16    XL:     7   Next: 46%
Magic:  7/7        EV:  7    Int: 10    God:
Gold:   135        SH:  5    Dex: 14    Spells: 6/6 levels left

rFire   . . .      SeeInvis .    D - +2 long sword (venom)
rCold   . . .      Faith    .    c - +0 buckler
rNeg    . . .      Spirit   .    m - +0 chain mail
rPois   .          Reflect  .    (helmet restricted)
rElec   .          Harm     .    (no cloak)
rCorr   .          Rampage  .    t - +0 pair of gloves
Will    .....                    (no boots) Stlth
                                 (no amulet)
HPRegen 0.29/turn                (no ring)
MPRegen 0.10/turn                (no ring)

@: no status effects
A: antennae 2, ignite blood 1
a: no special abilities


You were on level 5 of the Dungeon.
You visited 1 branch of the dungeon, and saw 5 of its levels.

You collected 329 gold pieces.
You spent 194 gold pieces at shops.

Inventory:

Hand Weapons
 a - a +0 long sword
 D - a +2 long sword of venom (weapon)
Armour
 b - a +0 scale mail
 c - a +0 buckler (worn)
 m - a +0 chain mail (worn)
 t - a +0 pair of gloves (worn)
Jewellery
 s - an amulet of magic regeneration
Scrolls
 f - a scroll of vulnerability {unknown}
 g - a scroll of fog {unknown}
 h - a scroll of enchant weapon {unknown}
 i - a scroll of noise {unknown}
 j - 2 scrolls of teleportation {unknown}
 l - a scroll of magic mapping {unknown}
 n - 2 scrolls of identify {unknown}
 r - a scroll of acquirement {unknown}
 v - 3 scrolls of poison {unknown}
 w - 3 scrolls of immolation {unknown}
 y - a scroll of enchant armour {unknown}
 z - a scroll of brand weapon {unknown}
 C - a scroll of fear {unknown}
 E - a scroll of amnesia {unknown}
 F - a scroll of blinking {unknown}
Potions
 d - 2 potions of might
 e - 5 potions of attraction {unknown}
 k - 2 potions of brilliance {unknown}
 o - 2 potions of lignification {unknown}
 p - a potion of magic {unknown}
 q - a potion of degeneration {unknown}
 u - 3 potions of curing {unknown}
 x - a potion of flight {unknown}
 A - a potion of mutation {unknown}
 B - a potion of heal wounds {unknown}


   Skills:
 + Level 4.7 Fighting
 + Level 3.8 Long Blades
 + Level 4.2 Armour
 + Level 3.0 Dodging
 + Level 4.3 Shields


You had 6 spell levels left.
You didn't know any spells.
Your spell library contained the following spells:

 Spells                   Type           Power      Damage    Failure   Level
 Apportation              Tloc           0%         N/A       100%        1
 Necrotise                Necr           0%         1d4       100%        1
 Summon Small Mammal      Summ           0%         N/A       100%        1


Dungeon Overview and Level Annotations

Branches:
Dungeon (5/15)
 Temple: D:4-7

Altars:

Shops:
D:4 *


Innate Abilities, Weirdness & Mutations

You have a pair of antennae on your head.
Your demonic aura sometimes causes spilled blood to erupt in flames.


Message History

You closely miss the gnoll.
The gnoll is almost dead.
You kill the gnoll!
You sense a monster nearby.
An orc comes into view. It is wielding a +0 mace.
An orc is nearby!
An orc warrior comes into view. It is wielding a +0 trident.
The orc warrior shouts!
You hear a shout! x2
Items here: ))))) [[ ††.
The orc throws a stone.
The stone hits you but does no damage.
The orc throws a stone.
The stone closely misses you.
An orc priest comes into view. It is wielding a +0 dagger.
The orc priest shouts!
The orc throws a stone.
The stone barely misses you.
The orc warrior hits you from afar with a +0 trident!
The orc warrior hits you with a +0 trident!
Items here: ))))) [[ ††.
You closely miss the orc warrior.
The orc warrior hits you but does no damage.
The orc throws a stone.
The stone closely misses you.
You slash the orc warrior!
The orc warrior is poisoned.
The orc warrior is moderately wounded.
The orc warrior barely misses you.
The orc throws a stone.
The stone hits you.
The orc priest calls down the wrath of Beogh upon you.
Beogh smites you!
* * * LOW HITPOINT WARNING * * *
You are too injured to fight recklessly!
The orc warrior attacks as you move away!
The orc warrior hits you with a +0 trident.
* * * LOW HITPOINT WARNING * * *
The orc warrior hits you from afar with a +0 trident.
* * * LOW HITPOINT WARNING * * *
The orc throws a stone.
You block the stone.
The orc priest begins to cast a cantrip, but forgets the words!
The orc priest miscasts a cantrip.
The orc throws a stone.
The stone hits you but does no damage.
The orc throws a stone.
The stone hits you but does no damage.
The orc priest calls down the wrath of Beogh upon you.
Beogh smites you!
You die...

##...#.#.........)#
##......#...[......# .
##...#.o.....#......#
..#....##o...#.#......#
.............#.†....###
.............#......#
.##....o.##.#.####..##
. #...........##.....#
...#...@#..#..#......#
...#.#...###.....#####
#........###..####
........###.....#
........<.##..###
..........#####
...#......# ..##.######
# ##


You could see an orc warrior (very poisoned), an orc priest and an orc.

Vanquished Creatures
  An ice beast (D:4)
  3 ogres (D:4)
  2 scorpions
  A hound (D:4)
  An orc priest (D:3)
  A gnoll bouda (D:5)
  4 gnolls
  7 adders
  An ufetubus (D:4)
  A dart slug (D:3)
  6 orcs
  7 ball pythons
  6 bats
  5 endoplasms
  2 giant cockroaches
  8 hobgoblins
  8 jackals (D:3)
  3 quokkas
  A frilled lizard (D:3)
  5 goblins
  6 kobolds
  2 rats
81 creatures vanquished.

Notes
Turn   | Place    | Note
-------+----------+-------------------------------------------
     0 | D:1      | Dartaoz the Demonspawn Fighter began the quest for the Orb.
     0 | D:1      | Reached XP level 1. HP: 18/18 MP: 1/1
   153 | D:1      | Discovered your monstrous ancestry.
   153 | D:1      | Gained mutation: You have a pair of small antennae on your
                  | head. [demonic ancestry]
   153 | D:1      | Reached XP level 2. HP: 24/24 MP: 2/2
   615 | D:2      | Reached XP level 3. HP: 18/29 MP: 3/3
   784 | D:2      | Reached skill level 1 in Dodging
  1652 | D:3      | Gained mutation: Your demonic aura sometimes causes spilled
                  | blood to erupt in flames. [demonic ancestry]
  1652 | D:3      | Reached XP level 4. HP: 31/35 MP: 4/4
  2294 | D:4      | Gained mutation: You have a pair of antennae on your head.
                  | [demonic ancestry]
  2294 | D:4      | Reached XP level 5. HP: 42/42 MP: 5/5
  2604 | D:4      | Found Rohajycs's Serpentskin Sales.
  2627 | D:4      | Bought a +2 long sword of venom for 194 gold pieces
  2702 | D:4      | Noticed an ogre
  2745 | D:4      | Killed an ogre
  2746 | D:4      | Reached XP level 6. HP: 35/48 MP: 6/6
  3187 | D:4      | Reached XP level 7. HP: 53/55 MP: 7/7
  3565 | D:5      | Entered Level 5 of the Dungeon
  3686 | D:5      | Killed from afar by an orc priest

Illustrated notes

Levels and vault maps discovered:
D:1:      lemuel_arrival_funnel, layout_rooms
D:2:      layout_loops_corners
D:3:      layout_basic
D:4:      layout_loops_corners, serial_park_tiny_2, guppyfry_shop_venom
D:5:      layout_cave_pools, guppyfry_early_orc_mine

Skill      XL: |  1  2  3  4  5  6  7 |
---------------+----------------------+-----
Long Blades    | 2 3 |  3.8
Shields        | 3 4 |  4.3
Armour         | 3 4 |  4.2
Dodging        | 1 2 3 |  3.0
Fighting       | 4 |  4.7

Action                   |  1- 3 |  4- 6 |  7- 9 || total
-------------------------+-------+-------+-------++-------
Melee: Long sword        |   107 |   136 |    43 ||   286
Armor: Scale mail        |     6 |       |       ||     6
       Chain mail        |    71 |    90 |    22 ||   183
Dodge: Dodged            |    37 |    47 |    14 ||    98
Block: Buckler           |    25 |    38 |     7 ||    70

Table legend: (Time is in decaauts)
 A = Elapsed time spent in this place.
 B = Non-inter-level travel time spent in this place.
 C = Inter-level travel time spent in this place.
 D = Time resting spent in this place.
 E = Time spent auto-exploring this place.
 F = Levels seen in this place.
 G = Mean time per level.
                   A        B        C        D        E       F      G
               +--------+--------+--------+--------+--------+-----+--------+
         Total |   3773 |   3672 |    101 |      0 |   2956 |   5 |  754.6 |
       Dungeon |   3773 |   3672 |    101 |      0 |   2956 |   5 |  754.6 |
               +--------+--------+--------+--------+--------+-----+--------+

Top non-repeatable levels by time:
     D:4: 1304 daAuts
     D:2: 966 daAuts
     D:3: 851 daAuts
     D:1: 523 daAuts
     D:5: 128 daAuts
